 Dungeon Crawl Stone Soup version 0.19.5 (webtiles) character file.

294 Barra the Chopper (level 6, -2/56 HPs)
             Began as a Minotaur Berserker on Mar 29, 2017.
             Was a Priest of Trog.
             Slain by Grinder (6 damage)
             ... on level 4 of the Dungeon.
             The game lasted 00:07:31 (2763 turns).

Barra the Chopper (Minotaur Berserker)              Turns: 2763, Time: 00:07:31

Health: -2/56      AC: 17    Str: 24    XL:     6   Next: 11%
Magic:  5/5        EV:  8    Int:  4    God:    Trog [***...]
Gold:   109        SH:  0    Dex:  9    Spells: 0 memorised, 5 levels left

rFire  . . .     SeeInvis .     p - +0 halberd
rCold  . . .     Gourm    .     o - +1 plate armour
rNeg   . . .     Faith    .     (shield currently unavailable)
rPois  .         Spirit   .     (helmet restricted)
rElec  .         Reflect  .     l - +2 cloak
rCorr  .         Harm     .     n - +0 pair of gloves
MR     .....                    (no boots)
Stlth  ..........               (no amulet)
                                (no ring)
                                (no ring)

@: exhausted, slowed, very slow
A: retaliatory headbutt, horns 2
a: Berserk, Trog's Hand, Burn Spellbooks, Renounce Religion


You were on level 4 of the Dungeon.
You worshipped Trog.
Trog was most pleased with you.
You were hungry.

You visited 1 branch of the dungeon, and saw 4 of its levels.

You collected 109 gold pieces.

Inventory:

Hand Weapons
 p - a +0 halberd (weapon)
Armour
 l - a +2 cloak (worn)
 n - a +0 pair of gloves (worn)
 o - a +1 plate armour (worn)
Jewellery
 d - an uncursed amulet of the gourmand {unknown}
Scrolls
 f - a scroll of remove curse
Potions
 e - a potion of berserk rage
 g - a potion of haste {unknown}
 h - a potion of magic {unknown}
 j - a potion of curing {unknown}
 k - a potion of agility {unknown}
 m - a potion of brilliance {unknown}
 r - a potion of flight {unknown}
Comestibles
 a - 7 chunks of flesh
 b - a royal jelly
 c - 3 bread rations
 i - 4 meat rations
 q - a slice of pizza


   Skills:
 + Level 5.1 Fighting
   Level 5.7(5.8) Axes
 + Level 1.6(3.9) Polearms
 + Level 3.9 Armour
 + Level 3.2 Dodging
 + Level 0.3 Stealth


You had 5 spell levels left.
You didn't know any spells.

Dungeon Overview and Level Annotations

Branches:
Dungeon (4/15)
 Temple: D:4-7

Altars:
Gozag
Vehumet

Annotations:
D:4 Grinder


Innate Abilities, Weirdness & Mutations

You reflexively headbutt those who attack you in melee.
You have a pair of horns on your head.


Message History

Something hits you but does no damage. x2; Grinder hits you but does no damage.
You can move again.
You're too exhausted to go berserk.
You closely miss something. You headbutt something. Trog accepts your kill.
Trog appreciates your killing of a magic user.
Reactivating autopickup.
You have reached level 6!
Your experience leads to an increase in your attributes!
Increase (S)trength, (I)ntelligence, or (D)exterity?
You feel stronger.
You feel a bit more experienced. Grinder gestures at you.
Pain shoots through your body!
* * * LOW HITPOINT WARNING * * *
Grinder hits you but does no damage.
You hit Grinder. You headbutt Grinder.
Grinder is heavily wounded.
Grinder barely misses you. Grinder hits you.
You die...

######......##
##..........##
............#
#.........##
#........##
#.........###
#...........#
#.....))..###
#....@)...#
#....5....#
..8.........#
............#
..8.........#
..#........##
. #........#
#........#


You could see Grinder.

Vanquished Creatures
  Crazy Yiuf (D:2)
  An orc wizard (D:4)
  An orc priest (D:4)
  A worker ant (D:4)
  4 gnolls (D:4)
  3 adders
  4 oozes
  8 worms
  A dart slug (D:3)
  3 leopard geckos
  8 orcs
  2 ball pythons (D:3)
  3 giant cockroaches
  9 hobgoblins
  5 kobolds
  A quokka (D:3)
  5 bats
  3 frilled lizards (D:2)
  4 goblins
  9 rats
76 creatures vanquished.

Notes
Turn   | Place    | Note
-------+----------+-------------------------------------------
     0 | D:1      | Barra the Minotaur Berserker began the quest for the Orb.
     0 | D:1      | Reached XP level 1. HP: 19/19 MP: 0/0
     1 | D:1      | Found a runed door.
    18 | D:1      | Reached XP level 2. HP: 25/27 MP: 1/1
   153 | D:1      | Reached XP level 3. HP: 31/33 MP: 2/2
   949 | D:2      | Found a faded altar of an unknown god.
  1024 | D:2      | Reached ** piety under Trog
  1254 | D:2      | Found an opulent altar of Gozag.
  1259 | D:2      | Reached XP level 4. HP: 41/41 MP: 3/3
  1313 | D:2      | Found a runed door.
  1463 | D:2      | Noticed Crazy Yiuf
  1472 | D:2      | Killed Crazy Yiuf
  1856 | D:2      | Reached skill level 5 in Axes
  2025 | D:3      | Found a radiant altar of Vehumet.
  2179 | D:3      | Reached XP level 5. HP: 35/47 MP: 4/4
  2532 | D:4      | Reached *** piety under Trog
  2573 | D:4      | Reached skill level 5 in Fighting
  2696 | D:4      | Reached skill level 1 in Polearms
  2733 | D:4      | Noticed Grinder
  2742 | D:4      | Paralysed by Grinder for 5 turns
  2759 | D:4      | Paralysed by Grinder for 4 turns
  2762 | D:4      | Reached XP level 6. HP: 12/56 MP: 5/5
  2763 | D:4      | Slain by Grinder

Skill      XL: |  1  2  3  4  5 |
---------------+----------------+-----
Axes           | 4 5 |  5.7
Fighting       | 4 5 |  5.1
Dodging        | 3 |  3.2
Armour         | 3 |  3.9
Polearms       | 1 |  1.6
Stealth        | |  0.3

Action                   |  1- 3 |  4- 6 || total
-------------------------+-------+-------++-------
Melee: Hand axe          |    68 |    86 ||   154
       Headbutt          |    11 |    21 ||    32
       Halberd           |       |    39 ||    39
Invok: Berserk           |       |     2 ||     2
  Use: Scroll            |     7 |     5 ||    12
  Eat: Meat ration       |       |     1 ||     1
       Beef jerky        |       |     1 ||     1
Armor: Animal skin       |     9 |       ||     9
       Scale mail        |    14 |    21 ||    35
       Plate armour      |       |    87 ||    87
Dodge: Dodged            |    37 |    45 ||    82
